 Dungeon Crawl Stone Soup version 0.21.1-1-g345015fe64 (webtiles) character file.

178 JOKERXD40 the Chopper (level 5, -3/47 HPs)
             Began as a Hill Orc Monk on June 22, 2018.
             Slain by Grinder (5 damage)
             ... while paralysed by Grinder
             ... on level 3 of the Dungeon.
             The game lasted 00:07:33 (2094 turns).

JOKERXD40 the Chopper (Hill Orc Monk)               Turns: 2094, Time: 00:07:33

Health: -3/47      AC:  7    Str: 15    XL:     5   Next: 58%
Magic:  5/5        EV:  2    Int: 10    God:
Gold:   214        SH:  0    Dex:  9    Spells: 4/4 levels left

rFire    . . .     SeeInvis .   e - +0 battleaxe
rCold    . . .     Gourm    .   (shield currently unavailable)
rNeg     . . .     Faith    .   r - +0 scale mail
rPois    .         Spirit   .   (no helmet)
rElec    .         Reflect  .   (no cloak)
rCorr    .         Harm     .   (no gloves)
MR       .....                  k - +0 pair of boots
Stlth    ..........             (no amulet)
HPRegen  0.15/turn              p - -4 ring of dexterity (curse)
MPRegen  0.09/turn              o - ring of loudness (curse)

@: paralysed
A: no striking features
a: no special abilities


You were on level 3 of the Dungeon.
You were hungry.

You visited 1 branch of the dungeon, and saw 3 of its levels.

You collected 214 gold pieces.

Inventory:

Hand Weapons
 a - a +1 hand axe
 e - a +0 battleaxe (weapon)
Armour
 k - a +0 pair of boots (worn)
 r - a +0 scale mail (worn)
Jewellery
 o - a cursed ring of loudness (right hand)
 p - a cursed -4 ring of dexterity (left hand)
 q - an uncursed ring of magical power
Scrolls
 f - 3 scrolls of magic mapping
 h - 2 scrolls of teleportation
 j - a scroll of fear {unknown}
 n - a scroll of identify {unknown}
Potions
 b - a potion of haste {unknown}
 d - a potion of invisibility
 g - a potion of heal wounds
 i - a potion of lignification {unknown}
 l - a potion of curing
Comestibles
 c - 5 rations


   Skills:
 + Level 4.5 Fighting
 + Level 5.9 Axes
 + Level 2.2 Armour
 + Level 2.9 Dodging
 + Level 2.0 Stealth


You had 4 spell levels left.
You didn't know any spells.

Dungeon Overview and Level Annotations

Branches:
Dungeon (3/15)

Altars:
Hepliaklqana
Qazlal
Trog

Annotations:
D:3 1 runed door, Grinder, Jessica


Message History

You can move again.
You miss something. Something hits you.
You writhe in agony.
* * * LOW HITPOINT WARNING * * *
Something tries to affect you, but you resist.
You miss something. Jessica casts a spell at you.
You barely resist.
You suddenly lose the ability to move!
Jessica casts a spell.
Jessica seems to speed up.
Something hits you.
* * * LOW HITPOINT WARNING * * *
You writhe in agony.
* * * LOW HITPOINT WARNING * * *
Jessica shouts, "You're disturbing me!
I'll have to kill you!"
Jessica gestures wildly while chanting.
Jessica blinks!
Something hits you.
* * * LOW HITPOINT WARNING * * *
You writhe in agony.
You die...

########
.......###
......(..# #####
.##.##.#.#####...#
.##............@.#
.##.##.#.#####...#
.##.##.#.# ##..#
...†.....# ##.#
########## #@# #
#§# # #####)### #
#.......# #
#..##...# # #.
#...# # # ....# #
.##..# .5 #..#


You could see Jessica.

Vanquished Creatures
  A hound (D:3)
  An orc wizard (D:3)
  5 adders
  An ooze (D:2)
  3 dart slugs
  A leopard gecko (D:1)
  7 orcs (D:3)
  A ball python (D:3)
  8 bats
  2 giant cockroaches
  8 goblins
  2 hobgoblins (D:1)
  2 jackals (D:2)
  5 kobolds
  2 quokkas
  4 frilled lizards
  6 rats
59 creatures vanquished.

Notes
Turn   | Place    | Note
-------+----------+-------------------------------------------
     0 | D:1      | JOKERXD40 the Hill Orc Monk began the quest for the Orb.
     0 | D:1      | Reached XP level 1. HP: 19/19 MP: 1/1
   119 | D:1      | Reached XP level 2. HP: 23/27 MP: 2/2
   657 | D:2      | Reached XP level 3. HP: 32/33 MP: 3/3
   794 | D:2      | Noticed an earth elemental
   799 | D:2      | Found a stormy altar of Qazlal.
   800 | D:2      | Noticed an air elemental
   800 | D:2      | Noticed a water elemental
   800 | D:2      | Noticed a fire elemental
  1135 | D:2      | Found a faded altar of an unknown god.
  1324 | D:3      | Reached skill level 5 in Axes
  1343 | D:3      | Reached XP level 4. HP: 33/40 MP: 4/4
  1421 | D:3      | Reached skill level 1 in Armour
  1431 | D:3      | Reached XP level 5. HP: 15/47 MP: 5/5
  1895 | D:3      | Found a runed door.
  1947 | D:3      | Found a bloodstained altar of Trog.
  1947 | D:3      | Found a hazy altar of Hepliaklqana.
  2062 | D:3      | Noticed Grinder
  2069 | D:3      | Noticed Jessica
  2075 | D:3      | Paralysed by something for 7 turns
  2084 | D:3      | Paralysed by something for 4 turns
  2090 | D:3      | Paralysed by something for 6 turns
  2094 | D:3      | HP: 2/47 [something (4)]
  2094 | D:3      | Slain by Grinder

Skill      XL: |  1  2  3  4  5 |
---------------+----------------+-----
Fighting       | 4 |  4.5
Axes           | 5 |  5.9
Stealth        | 2 |  2.0
Armour         | 1 2 |  2.2
Dodging        | |  2.9

Action                   |  1- 3 |  4- 6 || total
-------------------------+-------+-------++-------
Melee: Hand axe          |   102 |    50 ||   152
       Battleaxe         |       |    39 ||    39
  Use: Scroll            |     5 |       ||     5
       Potion            |     2 |     2 ||     4
 Stab: Sleeping          |     3 |       ||     3
  Eat: Chunk             |     1 |     2 ||     3
Armor: Robe              |    14 |       ||    14
       Leather armour    |    20 |    24 ||    44
       Scale mail        |       |    26 ||    26
Dodge: Dodged            |    69 |    51 ||   120
